AoeStats
← 用户1623433

Arena

508607569Analyzed
4v4 RM · 10d ago on Sep 23, 2026· 40m 9s· 8 players
Game mode
Random Map
Map size
Large (8 player)
Population
200
Speed
Normal
Resources
Standard
Victory
Conquest
Starting age
Dark Age
Ending age
Imperial Age
RankedLock teamsTeams togetherTeam positionsShared explorationLock speedFull tech treeHidden civsTurbo modeCheats
Victory
Defeat
🇳🇱 Ethiopians · Netherlands
1311
+10
🇳🇿 Hindustanis · New Zealand
1182
+15
🇿🇦 Ethiopians · South Africa
1019
+21
🇺🇸 Georgians · United States
972
+24
🇹🇼 Persians · Taiwan
1174
-18
🇨🇳 Franks · China
1159
-18
🇨🇳 Tupi · China
1140
-17
🇨🇳 Spanish · China
1135
-17
三条柒
2:08 Loom
10:37 Feudal Age
11:28 Double-Bit Axe
11:23 Horse Collar
11:34 Gold Mining
19:35 Castle Age
17:45 Stone Mining
19:03 Town Watch
21:01 Stone Shaft Mining
20:31 Caravan
墨寞MOMO
11:39 Feudal Age
10:14 Loom
16:27 Castle Age
15:17 Double-Bit Axe
15:49 Horse Collar
17:15 Bow Saw
26:26 Wheelbarrow
27:36 Gold Mining
28:52 Hand Cart
28:41 Heavy Plow
29:01 Town Watch
29:36 Forging
29:31 Scale Barding Armor
30:53 Iron Casting
30:49 Bloodlines
30:39 Husbandry
31:49 Town Patrol
32:12 Chain Barding Armor
33:56 Caravan
35:23 Gold Shaft Mining
34:44 Fletching
38:04 Imperial Age
35:28 Stone Mining
35:41 Bodkin Arrow
36:44 Squires
36:05 Pikeman
38:24 Stone Shaft Mining
37:40 Cavalier
37:40 Heavy Camel Rider
38:42 Conscription
39:13 Plate Barding Armor
39:43 Blast Furnace
39:02 Cavalier
用户1623433
11:05 Feudal Age
13:13 Horse Collar
13:23 Double-Bit Axe
15:42 Castle Age
15:11 Double-Bit Axe
18:03 Bow Saw
23:36 Wheelbarrow
28:40 Imperial Age
26:32 Heavy Plow
27:32 Hand Cart
27:42 Gold Mining
27:45 Stone Mining
28:06 Town Watch
29:10 Gold Shaft Mining
28:30 Fletching
29:02 Loom
30:00 Elite Blackwood Archer
32:02 Two-Man Saw
31:02 Bodkin Arrow
32:30 Bracer
32:34 Padded Archer Armor
33:00 Conscription
33:10 Curare
33:17 Town Patrol
34:16 Leather Archer Armor
34:13 Forging
33:51 Pikeman
34:35 Squires
34:23 Arson
34:57 Halberdier
37:47 Caciques
2459320143
10:09 Feudal Age
14:05 Castle Age
12:36 Double-Bit Axe
15:25 Bow Saw
21:43 Fletching
22:52 Loom
29:01 Gold Mining
29:01 Stone Mining
31:30 Fervor
32:08 Wheelbarrow
33:06 Hand Cart
35:22 Imperial Age
33:50 Gold Shaft Mining
33:24 Scale Barding Armor
33:30 Forging
34:30 Scale Mail Armor
34:50 Chain Barding Armor
36:17 Chain Mail Armor
36:38 Iron Casting
35:55 Pikeman
36:35 Squires
37:25 Plate Barding Armor
37:09 Treadmill Crane
38:06 Plate Mail Armor
37:01 Halberdier
37:47 Elite Throwing Axeman
38:50 Conscription
Kurama4789
13:47 Feudal Age
18:28 Scale Barding Armor
18:17 Double-Bit Axe
21:58 Castle Age
25:07 Fervor
25:26 Bow Saw
26:19 Gold Mining
27:37 Stone Mining
28:00 Redemption
35:01 Caravan
35:01 Murder Holes
40:16 Wheelbarrow
The Ironfoot
11:25 Feudal Age
14:59 Castle Age
13:21 Double-Bit Axe
16:28 Bow Saw
16:17 Gold Mining
17:46 Scale Mail Armor
24:06 Horse Collar
26:28 Loom
27:18 Wheelbarrow
27:41 Gold Shaft Mining
29:03 Hand Cart
32:39 Imperial Age
31:38 Chain Mail Armor
31:34 Forging
31:27 Squires
31:16 Arson
32:43 Halberdier
34:42 Chemistry
34:30 Plate Mail Armor
34:54 Conscription
35:58 Onager
38:49 Iron Casting
Ferraa
9:58 Feudal Age
11:12 Feudal Age
15:19 Castle Age
16:08 Double-Bit Axe
16:07 Horse Collar
18:31 Bow Saw
19:56 Loom
20:42 Gold Mining
21:56 Heavy Plow
22:22 Scale Barding Armor
22:15 Light Cavalry
24:43 Wheelbarrow
24:51 Chain Barding Armor
29:53 Imperial Age
28:12 Forging
28:13 Bloodlines
28:27 Husbandry
30:17 Gold Shaft Mining
30:55 Grand Trunk Road
31:08 Heavy Camel Rider
32:31 Plate Barding Armor
32:35 Hoardings
33:18 Iron Casting
34:06 Hand Cart
33:32 Imperial Camel Rider
36:50 Conscription
39:01 Blast Furnace
37:59 Light Cavalry
38:46 Scale Mail Armor
38:52 Squires
38:55 Hussar
GreenBeret
10:59 Feudal Age
11:55 Double-Bit Axe
14:47 Castle Age
12:31 Horse Collar
16:43 Heavy Plow
16:57 Bow Saw
19:32 Town Watch
19:35 Loom
22:07 Wheelbarrow
22:30 Gold Mining
23:56 Hand Cart
23:59 Fletching
24:11 Padded Archer Armor
26:11 Bodkin Arrow
28:38 Town Patrol
28:59 Stone Mining
32:03 Imperial Age
31:55 Leather Archer Armor
32:03 Ballistics
33:14 Stone Shaft Mining
33:18 Gold Shaft Mining
32:48 Squires
32:33 Arson
32:56 Thumb Ring
32:12 Crossbowman
33:07 Arbalester
34:52 Chemistry
33:58 Siege Engineers
34:46 Torsion Engines
35:07 Conscription
34:09 Halberdier
34:14 Elite Skirmisher
36:18 Coinage
37:14 Onager
38:54 Bracer
39:24 Ring Archer Armor
39:06 Forging
38:57 Scale Mail Armor
39:04 Scale Barding Armor
39:12 Masonry
41:03 Architecture
Connection lost

Rejoining the realm…

Still unreachable

The connection could not be restored.

Session expired

The server has moved on; the page needs a fresh start.